 Dungeon Crawl Stone Soup version 0.20.0-10-g0535bb4 (console) character file.

675877 removed the Invulnerable (level 27, -5/238 HPs)
             Began as a Halfling Air Elementalist on June 6, 2017.
             Was a High Priest of Trog.
             Killed from afar by an ancient lich (83 damage)
             ... with a crystal spear
             ... on level 5 of the Realm of Zot.
             The game lasted 03:14:44 (86803 turns).

removed the Invulnerable (HaAE)                    Turns: 86803, Time: 03:14:44

Health: -5/238     AC: 56    Str: 26    XL:     27
Magic:  22/25      EV: 37    Int: 13    God:    Trog [*****.]
Gold:   2241       SH:  0    Dex: 32    Spells: 29/29 levels left

rFire    + + .     SeeInvis +   a - +12 lajatang {protect, rElec}
rCold    + . .     Gourm    .   (shield currently unavailable)
rNeg     + + +     Faith    .   K - +10 plate armour of the Well-Known Songs {Str+5}
rPois    +         Spirit   .   m - +2 helmet "Jonek" {rF+ MR++ Str+2}
rElec    +         Reflect  .   y - +2 cloak {rPois}
rCorr    .         Harm     .   z - +2 pair of gloves {Str+3}
MR       +++++                  P - +2 pair of boots {run}
Stlth    ..........             N - macabre finger necklace {rN+}
Regen    1.5/turn               T - ring "Jonudwal" {rElec Str+2 Dex+7 Slay+4}
MPRegen  0.2/turn               U - ring "Daxaorha" {rElec rF+ rN+ Str+2 Slay+6}
                                x - ring "Sunuxt" {+Fly rC+ rN++ SInv}

@: protection aura, regenerating, quick
A: mutation resistance 1, robust 1
}: 3/15 runes: decaying, serpentine, silver
a: Berserk, Trog's Hand, Brothers in Arms, Burn Spellbooks, Renounce Religion,
Evoke Flight


You were on level 5 of the Realm of Zot.
You worshipped Trog.
Trog was extremely pleased with you.
You were full.

You visited 10 branches of the dungeon, and saw 52 of its levels.
You visited the Abyss 1 time.
You visited 1 bazaar.
You also visited: Labyrinth, Trove and Ossuary.

You collected 9599 gold pieces.
You spent 7358 gold pieces at shops.

Inventory:

Hand Weapons
 a - the +12 lajatang of the Endless March (weapon) {protect, rElec}
   (Trog gifted it to you on level 11 of the Dungeon)

   It protects the one who uses it against injury (+AC on strike).
   It insulates you from electricity.
 b - a +8 quarterstaff of speed
 g - a +0 blowgun
Missiles
 o - a throwing net (quivered)
 G - 24 curare-tipped needles
Armour
 m - the +2 helmet "Jonek" (worn) {rF+ MR++ Str+2}
   (You found it on level 3 of the Lair of Beasts)

   It affects your strength (+2).
   It protects you from fire.
   It affects your resistance to hostile enchantments.
 y - a +2 cloak of poison resistance (worn)
 z - a +2 pair of gloves of strength (worn)
 K - the +10 plate armour of the Well-Known Songs (worn) {Str+5}
   (You bought it in a shop on level 2 of the Orcish Mines)

   It affects your strength (+5).
 P - a +2 pair of boots of running (worn)
Jewellery
 e - the ring "Zousaej" {rPois rF+ rC+++ Str-4 Dex-4}
   (You found it in a treasure trove)

   [ring of protection from fire]

   It affects your strength (-4).
   It affects your dexterity (-4).
   It protects you from fire.
   It renders you almost immune to cold.
   It protects you from poison.
 x - the ring "Sunuxt" (on amulet) {+Fly rC+ rN++ SInv}
   (You found it in a treasure trove)

   [ring of see invisible]

   It protects you from cold.
   It greatly protects you from negative energy.
   It lets you see invisible.
   It lets you fly.
 N - the macabre finger necklace (around neck) {rN+}
   (You bought it in a shop on level 1 of the Depths)

   [amulet of nothing]

   It protects you from negative energy.
 T - the ring "Jonudwal" (left hand) {rElec Str+2 Dex+7 Slay+4}
   (You found it in a treasure trove)

   [ring of strength]

   It affects your strength (+2).
   It affects your dexterity (+7).
   It affects your accuracy and damage with ranged weapons and melee attacks
   (+4).
   It insulates you from electricity.
 U - the ring "Daxaorha" (right hand) {rElec rF+ rN+ Str+2 Slay+6}
   (You found it in a treasure trove)

   [ring of slaying]

   It affects your strength (+2).
   It affects your accuracy and damage with ranged weapons and melee attacks
   (+6).
   It protects you from fire.
   It insulates you from electricity.
   It protects you from negative energy.
Wands
 f - a wand of digging (14/24)
 j - a wand of iceblast (8/15)
 s - a wand of digging (0/24)
 t - a wand of clouds (2/9)
 H - a wand of digging (5/24)
 J - a wand of acid (10/15)
 L - a wand of clouds (5/9)
 M - a wand of polymorph (12/24)
Scrolls
 i - 5 scrolls of magic mapping
 k - a scroll of holy word
 q - a scroll of vulnerability
 r - 6 scrolls of fear
 w - 20 scrolls of identify
 C - 3 scrolls of fog
 D - 16 scrolls of teleportation
 E - 13 scrolls of recharging
 Q - 8 scrolls of enchant weapon
 R - 7 scrolls of enchant armour
 S - 4 scrolls of blinking
 V - 20 scrolls of remove curse
Potions
 l - 6 potions of heal wounds
 n - 26 potions of curing
 p - 2 potions of brilliance
 B - 6 potions of haste
 F - 6 potions of agility
 I - 8 potions of flight
 O - 7 potions of mutation
 W - 11 potions of might
 X - 6 potions of cancellation
 Z - 7 potions of magic
Comestibles
 c - 14 bread rations
 u - 27 meat rations
 v - 8 chunks of flesh
 A - 15 royal jellies
 Y - 51 fruits


   Skills:
 + Level 25.0 Fighting
 + Level 15.9 Staves
 O Level 27 Armour
 O Level 27 Dodging
 - Level 2.1 Stealth
 - Level 1.5 Spellcasting
   Level 0.7 Conjurations
   Level 3.0 Air Magic


You had 29 spell levels left.
You didn't know any spells.

Dungeon Overview and Level Annotations

Branches:
Dungeon (15/15)            Temple (0/1) D:6            Lair (6/6) D:8
  Swamp (4/4) Lair:4        Snake (4/4) Lair:2        Slime (0/5) Lair:5
    Orc (2/2) D:11            Elf (3/3) Orc:2        Vaults (5/5) D:14
  Crypt (3/3) Vaults:2       Tomb (0/3) Crypt:3      Depths (5/5) D:15
    Zot (5/5) Depths:5

Altars:
Ashenzari
Dithmenos
Fedhas
Kikubaaqudgha
Nemelex Xobeh
Okawaru
Qazlal
Ru
Sif Muna
Trog
Uskayaw
Xom
Yredelemnul
Zin
The Shining One

Shops:
D:7 (   D:10 (   D:11 (   D:13 (   Orc:2 *=[=   Snake:2 *[:(   Snake:3 (
Vaults:1 ?   Vaults:4 [   Depths:1 =

Portals:
Hell: Depths:1 Depths:2 Depths:3 Depths:4 Depths:5
Abyss: Depths:3 Depths:4 Depths:5
Pandemonium: Depths:3 Depths:4 Depths:5
Ziggurat: Depths:4

Annotations:
Elf:2 3 runed doors


Innate Abilities, Weirdness & Mutations

You are small and have problems with some larger weapons.
You are somewhat resistant to further mutation.
You are robust. (+10% HP)


Message History

You slash the ancient lich!
The ancient lich is moderately damaged.
The ancient lich misses you.
You slash the ancient lich!
The ancient lich is heavily damaged.
The ancient lich casts a spell at you. The crystal spear hits you!
* * * LOW HITPOINT WARNING * * *
You feel much better.
The ancient lich touches you but does no damage.
You slash the ancient lich!
The ancient lich is severely damaged.
The ancient lich misses you.
You slice the ancient lich!!
The ancient lich is severely damaged.
You hit the ancient lich.
The ancient lich is severely damaged.
The ancient lich gestures at you while chanting.
The crystal spear hits you!
You die...

#########▓▓▓▓########.#######* **
,,,,,,,,** #...............*
,,,,,,,,,** *#.^...........#* *
,,,,,,,,,,** #.............# **
,,,,,,,,,,,* ##...........## *,
,,.......,,* #...........# *,
,,.......,,* ##...........#* *,
,,.L.....,,* #.............# *,
,,.......,,* ##.@L..........#* *,
,,.......,,*##..............,***,
,,§z.....,###..)###########,,,***
,,.......##....## **,,,,*
,,...q.)..[..### ***,,,
**▓▓▓▓▓▓▓▓▓▓▓# **** ,,,,,,,,,****
*** ,,,,,,,,,,,,*** ***,,
,,,,,,,,,,,,,,** **,,,,


You could see an ancient lich.

Vanquished Creatures
  Mennas (Vaults:2)
  2 ancient liches
  5 juggernauts
  Sojobo (Vaults:3)
  Boris (Depths:5)
  Saint Roka (Vaults:2)
  Frederick (Depths:5)
  A curse toe (Zot:3)
  Xtahua (Depths:5)
  3 caustic shrikes (Depths:4)
  A Killer Klown (Zot:2)
  10 golden dragons
  5 liches
  3 electric golems
  15 Orb Guardians (Zot:5)
  16 tentacled monstrosities
  4 quicksilver dragons
  2 deep elf master archers
  7 titans (Vaults:5)
  2 tentacled starspawn (Abyss:4)
  4 death cobs
  3 ancient champions
  8 sphinxes
  5 shadow dragons
  Kirke (Elf:1)
  10 storm dragons
  2 thorn hunters (Swamp:4)
  2 revenants
  12 nagarajas
  10 tengu reavers
  2 draconian monks
  19 frost giants
  11 fire giants
  3 draconian knights
  Aizul (Snake:2)
  4 deep elf sorcerers
  4 iron dragons
  A ghost moth (Zot:5)
  11 vault wardens
  Louise (D:14)
  4 draconian scorchers
  5 draconian shifters
  4 curse skulls
  8 ghouls
  6 deep elf elementalists
  4 spriggan defenders (Depths:4)
  A caustic shrike zombie (Crypt:1)
  13 ironheart preservers
  2 war gargoyles (Vaults:5)
  3 draconian annihilators
  2 draconian stormcallers (Zot:2)
  4 reapers
  The ghost of grindst0ne the Peltast, a journeyman FoFi of Okawaru (Lair:6)
  22 stone giants
  A stone giant (shapeshifter) (Vaults:5)
  27 very ugly things
  6 vampire knights
  A green draconian (Zot:2)
  3 red draconians (Zot:4)
  6 deep elf demonologists
  5 black draconians
  9 spark wasps
  A dire elephant (shapeshifter) (Vaults:5)
  11 deep elf annihilators
  2 white draconians
  A spark wasp (shapeshifter) (Depths:4)
  3 yellow draconians
  2 purple draconians
  2 crystal guardians
  16 ettins
  A merfolk javelineer (Depths:2)
  10 eidola
  An ettin (shapeshifter) (Vaults:5)
  2 death oozes (Swamp:4)
  A mummy priest (Crypt:3)
  A quicksilver dragon zombie (Crypt:1)
  2 green deaths
  A minotaur (Lab)
  16 deep elf death magi
  5 deep elf high priests
  15 fire dragons
  13 jiangshi
  The ghost of Wardy1 the Carver, a journeyman BaFi of Hepliaklqana (D:9)
  22 yaktaur captains
  23 vault guards
  17 great orbs of eyes
  Fannar (Orc:1)
  15 naga warriors
  2 ghost crabs (Swamp:4)
  14 hydras
  Harold (Lair:3)
  7 rakshasas
  8 ice dragons
  A hell beast (Swamp:4)
  11 spriggan air magi
  12 anacondas
  2 catoblepae
  14 deep troll shamans
  11 centaur warriors
  19 ogre magi
  44 two-headed ogres
  13 dancing weapons
  5 death yaks (Lair:6)
  7 tengu warriors
  5 death knights
  5 alligators
  12 vampire magi
  12 deep troll earth magi
  3 titan zombies
  An orc high priest (Orc:2)
  21 naga sharpshooters
  10 spriggan berserkers
  4 spriggans
  Urug (Lair:5)
  2 storm dragon zombies (Crypt:3)
  6 shock serpents
  4 iron trolls
  13 deep elf knights
  7 soul eaters (Crypt:3)
  23 hell knights
  18 skeletal warriors
  2 salamander mystics
  A sixfirhy (Depths:4)
  23 deep trolls
  A fire crab (Lair:6)
  2 shadow wraiths
  5 glowing orange brains
  2 titan skeletons (Crypt:3)
  3 spriggan druids
  A golden dragon zombie (Crypt:3)
  5 unseen horrors
  2 infernal demonspawn (Depths:5)
  9 sea snakes (Snake:4)
  10 flayed ghosts
  2 anaconda zombies (Crypt:3)
  2 wizards
  11 naga ritualists
  A spatial maelstrom (Abyss:4)
  An iron giant skeleton (Crypt:1)
  8 swamp dragons
  2 ghost moth zombies
  Pikel (D:7)
  12 deep elf archers
  13 ironbrand convokers
  4 shambling mangroves
  3 lindwurms (Lair:6)
  2 golden dragon skeletons
  3 fire giant zombies
  19 orc knights
  23 phantasmal warriors
  A sphinx zombie (Depths:4)
  19 necromancers
  59 ugly things
  An orb spider (shapeshifter) (Vaults:5)
  A wolf spider zombie (Crypt:3)
  A mana viper (shapeshifter) (Vaults:5)
  46 deep elf magi
  17 mana vipers
  7 orc sorcerers
  An iron dragon zombie (Crypt:3)
  9 wolf spiders
  2 tengu skeletons
  A shining eye (shapeshifter) (Depths:3)
  3 manticores
  4 stone giant skeletons
  2 frost giant zombies
  A salamander (shapeshifter) (Vaults:4)
  9 cyclopes
  12 salamanders
  4 moths of wrath
  2 shadow dragon skeletons (Crypt:3)
  A sphinx skeleton (Depths:4)
  7 elephants
  A cyclops (shapeshifter) (Depths:5)
  6 guardian serpents
  2 eyes of devastation (shapeshifter)
  2 shock serpent zombies
  47 black mambas
  5 centaur skeletons
  15 naga magi
  19 vault sentinels
  An iron dragon skeleton (Crypt:3)
  A black mamba (shapeshifter) (Vaults:2)
  3 gargoyles
  3 orange demons
  3 fire giant skeletons
  A smoke demon (Abyss:4)
  2 apocalypse crabs (Abyss:4)
  3 frost giant skeletons
  2 rust devils
  17 spiny frogs
  A spiny frog (shapeshifter) (Depths:2)
  A red draconian zombie (Crypt:2)
  3 komodo dragons (shapeshifter)
  14 freezing wraiths
  A rime drake (shapeshifter) (Depths:3)
  4 rime drakes
  An efreet (Zot:4)
  73 yaktaurs
  A spark wasp simulacrum (Depths:4)
  An entropy weaver simulacrum (Vaults:1)
  13 hellwings (Crypt:3)
  2 kobold demonologists
  2 tormentors
  A yellow draconian zombie (Crypt:2)
  9 komodo dragons
  An iron troll zombie (Crypt:1)
  An emperor scorpion zombie (Crypt:3)
  3 guardian mummies (Crypt:3)
  An anaconda simulacrum (Crypt:3)
  2 tengu conjurers
  A green draconian skeleton (Crypt:2)
  2 catoblepas skeletons
  3 meliai
  6 trolls
  A meliai (shapeshifter) (Depths:4)
  2 polar bears
  A white draconian skeleton (Crypt:2)
  5 tyrant leeches
  2 ancient zymes (Abyss:4)
  A red devil (Depths:5)
  4 jumping spiders (Crypt:3)
  A merfolk (shapeshifter) (Vaults:4)
  A jumping spider (shapeshifter) (Vaults:4)
  12 hornets
  14 bog bodies
  A raiju (shapeshifter) (Vaults:1)
  20 blink frogs
  30 slime creatures
  A wind drake (shapeshifter) (Vaults:4)
  3 raiju (Abyss:4)
  2 dream sheep (Lair:6)
  2 large abominations
  A meliai zombie (D:14)
  A satyr zombie (Crypt:2)
  An ettin zombie (Crypt:1)
  A stone giant simulacrum (Vaults:1)
  7 hippogriffs
  A vampire (D:15)
  An ice dragon zombie (Crypt:3)
  A ynoxinul (Depths:4)
  13 air elementals
  9 flying skulls (Crypt:1)
  A centaur simulacrum (D:15)
  11 redbacks
  A fire dragon skeleton (Crypt:3)
  2 ettin skeletons (Crypt:3)
  15 wraiths
  39 yaks
  11 water elementals
  22 fire elementals
  5 wyverns
  4 shadows
  An alligator skeleton (Crypt:3)
  4 basilisks
  A golden eye (shapeshifter) (Depths:1)
  4 small abominations
  9 hogs
  A hungry ghost (D:10)
  A human (D:7)
  A chaos spawn (Depths:4)
  3 neqoxecs (Abyss:4)
  The ghost of maniacrov the Ducker, an amateur MfGl (D:3)
  A torturous demonspawn zombie (Crypt:1)
  3 acid dragons
  22 vampire mosquitoes
  59 nagas
  A soldier ant (D:11)
  21 swamp worms
  A spiny frog zombie (Crypt:3)
  A warg (shapeshifter) (Depths:3)
  10 insubstantial wisps
  9 wargs
  A floating eye (Depths:4)
  13 water moccasins
  9 porcupines
  A gelid demonspawn skeleton (Crypt:1)
  3 ice beasts
  A merfolk skeleton (Crypt:3)
  A hornet zombie (D:15)
  45 orc warriors
  11 swamp drakes
  2 eyes of draining
  4 sky beasts
  8 boggarts
  5 necrophages
  A phantom (D:5)
  25 wolves
  47 ogres
  A centaur (shapeshifter) (Vaults:5)
  14 centaurs
  11 crocodiles
  6 human skeletons (Vaults:2)
  A snapping turtle skeleton (Crypt:2)
  A big kobold (D:13)
  A wyvern zombie (D:15)
  15 bullfrogs
  3 earth elementals
  A gnoll sergeant (D:9)
  An ogre simulacrum (Vaults:1)
  A water moccasin zombie (D:6)
  A deep troll simulacrum (Vaults:1)
  6 wyvern skeletons
  12 scorpions
  A snapping turtle simulacrum (Crypt:1)
  4 killer bees (D:10)
  13 wights
  4 electric eels
  11 howler monkeys
  6 crimson imps
  7 centaur zombies
  A bullfrog zombie (D:5)
  5 starcursed masses (Abyss:4)
  3 quasits (Depths:5)
  4 jellies
  6 hounds
  Crazy Yiuf (D:2)
  21 orc priests
  2 human zombies
  2 iron imps
  4 bullfrog skeletons
  4 iguanas
  31 orc wizards
  16 worker ants
  A killer bee zombie (D:6)
  4 big kobold zombies (Ossuary)
  A crocodile skeleton (Crypt:2)
  2 hound skeletons
  3 mummies (Ossuary)
  2 worker ant zombies
  5 gnolls (D:9)
  A howler monkey skeleton (D:9)
  9 adders
  5 shadow imps
  An ufetubus (Abyss:4)
  3 oozes
  An iguana zombie (Crypt:1)
  2 dart slugs
  6 leopard geckos
  95 orcs
  2 giant cockroaches
  2 gnoll zombies
  17 goblins
  9 hobgoblins
  10 jackals
  23 kobolds
  5 quokkas
  A river rat zombie (Crypt:2)
  A ball python (D:1)
  A ball python skeleton (Crypt:1)
  3 bats
  4 frilled lizards
  A goblin zombie (Ossuary)
  2 hobgoblin zombies (Ossuary)
  A jackal skeleton (D:4)
  2 kobold zombies (Ossuary)
  2 leopard gecko zombies
  A quokka skeleton (D:6)
  3 quokka zombies
  4 rats
  A briar patch (Swamp:4)
  A bush (D:8)
  A fungus (D:7)
  2 plants (Bazaar)
  A starspawn tentacle (Abyss:4)
  3 withered plants (Crypt:3)
2545 creatures vanquished.

Vanquished Creatures (collateral kills)
  A caustic shrike (Depths:2)
  A curse toe (Zot:5)
  Vashnia (Snake:4)
  A tengu reaver (Depths:4)
  A fire giant (Depths:4)
  2 stone giants
  A red draconian (Zot:4)
  A green death (Swamp:4)
  3 jiangshi (Crypt:2)
  A fire dragon (Depths:4)
  An ice dragon (Depths:2)
  2 ogre magi
  A yaktaur captain (Vaults:2)
  7 hydras
  4 vault guards (Vaults:4)
  A catoblepas (Lair:6)
  2 naga warriors
  A centaur warrior (Depths:1)
  7 two-headed ogres
  2 death yaks (Lair:6)
  A deep troll earth mage (Depths:1)
  2 deep troll shamans (Depths:1)
  A vampire mage (Crypt:2)
  4 naga sharpshooters (Snake:1)
  2 orc high priests (Orc:2)
  A hell knight (Depths:3)
  3 skeletal warriors
  A flayed ghost (Vaults:4)
  2 naga ritualists (Snake:1)
  A spriggan druid (Swamp:4)
  2 ironbrand convokers
  A swamp dragon (Swamp:4)
  A mana viper (Snake:1)
  2 wizards
  2 orc knights
  A manticore (Lair:6)
  2 orc sorcerers (Orc:2)
  3 ugly things
  A cyclops (Vaults:1)
  A vault sentinel (Vaults:4)
  4 black mambas (Snake:1)
  A guardian serpent (Snake:4)
  A spiny frog (Lair:6)
  A rime drake (Lair:6)
  13 yaktaurs
  A tengu conjurer (Depths:1)
  4 slime creatures
  A bog body (Crypt:2)
  3 yaks (Lair:6)
  A wraith (Vaults:1)
  A fire elemental (Zot:4)
  5 nagas
  A soldier ant (shapeshifter) (Vaults:2)
  An orc warrior (Orc:2)
  6 ogres
  2 necrophages (Crypt:2)
  A crocodile (Lair:6)
  A centaur (Depths:1)
  8 starcursed masses (Abyss:4)
  2 orc priests
  An orc wizard (Vaults:2)
  4 orcs (Vaults:2)
138 creatures vanquished.

Vanquished Creatures (others)
  A fire giant (Depths:4)
  A great orb of eyes (Depths:1)
  A necromancer (Crypt:3)
  A moth of wrath (Zot:4)
  A hornet (Swamp:1)
  A slime creature (Swamp:4)
  A spriggan (Swamp:1)
  A slave (D:10)
  A warg (Vaults:1)
  A naga (Snake:4)
  2 ogres
  A centaur zombie (Ossuary)
  An orc priest (D:10)
  An orc wizard (Vaults:3)
  An iguana (D:10)
  A worker ant (D:10)
  4 orcs (D:10)
  An orc zombie (Ossuary)
  4 briar patches (Swamp:4)
  13 fungi
  43 plants
  4 starspawn tentacles (Abyss:4)
  14 withered plants (Crypt:3)
100 creatures vanquished.

Grand Total: 2783 creatures vanquished

Notes
Turn   | Place    | Note
-------+----------+-------------------------------------------
     0 | D:1      | removed the Halfling Air Elementalist began the quest for the Orb.
     0 | D:1      | Reached XP level 1. HP: 11/11 MP: 3/3
    72 | D:1      | Reached skill level 1 in Fighting
   109 | D:1      | Reached XP level 2. HP: 11/18 MP: 0/4
   560 | D:1      | Reached XP level 3. HP: 14/24 MP: 3/5
  1105 | D:2      | Found a shattered altar of Ashenzari.
  1275 | D:2      | Found a glowing golden altar of the Shining One.
  1317 | D:2      | Found a glowing silver altar of Zin.
  1855 | D:2      | Found a runed door.
  1859 | D:2      | Noticed Crazy Yiuf
  1864 | D:2      | Killed Crazy Yiuf
  1864 | D:2      | Reached XP level 4. HP: 31/31 MP: 6/6
  2086 | D:3      | Found a bloodstained altar of Trog.
  2101 | D:3      | Became a worshipper of Trog the Wrathful
  2222 | D:3      | Found a stormy altar of Qazlal.
  2228 | D:3      | Found a shimmering altar of Xom.
  2297 | D:3      | Reached XP level 5. HP: 32/36 MP: 7/7
  2383 | D:3      | Noticed maniacrov's ghost (amateur MfGl)
  2837 | D:3      | Found a shadowy altar of Dithmenos.
  2996 | D:4      | Reached * piety under Trog
  3218 | D:4      | Reached skill level 1 in Staves
  3218 | D:4      | Reached XP level 6. HP: 42/42 MP: 8/8
  3279 | D:4      | Noticed an ogre
  3530 | D:4      | Killed an ogre
  3631 | D:5      | Entered Level 5 of the Dungeon
  3667 | D:5      | Noticed an ogre
  3679 | D:5      | Killed an ogre
  3679 | D:5      | Reached XP level 7. HP: 14/46 MP: 9/9
  4740 | D:5      | Reached skill level 5 in Staves
  4740 | D:5      | Reached XP level 8. HP: 31/52 MP: 10/10
  4915 | D:5      | Got a pair of twisted boots
  4926 | D:5      | Identified the +2 pair of boots of Thoughtfulness {rN+} (You found it on level 5 of the Dungeon)
  5255 | D:5      | Reached ** piety under Trog
  5552 | D:5      | Found a hide-covered altar of Uskayaw.
  5805 | D:6      | Found a staircase to the Ecumenical Temple.
  5865 | D:6      | Found a deep blue altar of Sif Muna.
  5874 | D:6      | Reached XP level 9. HP: 55/55 MP: 11/11
  5999 | D:6      | Found a sand-covered staircase.
  6004 | Ossuary  | Entered an ossuary
  6865 | Ossuary  | Reached *** piety under Trog
  7352 | D:6      | Found a sparkling altar of Nemelex Xobeh.
  7794 | D:7      | Noticed Pikel
  7807 | D:7      | Killed Pikel
  7807 | D:7      | Reached XP level 10. HP: 61/61 MP: 12/12
  8294 | D:7      | Found a basalt altar of Yredelemnul.
  8305 | D:7      | Reached skill level 10 in Staves
  8560 | D:7      | Found Kocwofaw's Weapon Boutique.
  8730 | D:7      | Reached skill level 5 in Fighting
  8941 | D:7      | Bought a +0 quarterstaff of protection for 68 gold pieces
  9599 | D:8      | Reached **** piety under Trog
  9716 | D:8      | Found a staircase to the Lair.
 10205 | D:8      | Found a blossoming altar of Fedhas.
 10747 | D:9      | Noticed Wardy1's ghost (journeyman BaFi)
 10789 | D:9      | Killed Wardy1's ghost
 10789 | D:9      | Reached XP level 11. HP: 7/72 MP: 13/13
 11743 | D:9      | Noticed an unseen horror
 11777 | D:9      | Killed an unseen horror
 12249 | D:9      | Noticed a two-headed ogre
 12261 | D:9      | Killed a two-headed ogre
 12463 | D:9      | Found an iron altar of Okawaru.
 12781 | D:10     | Entered Level 10 of the Dungeon
 13089 | D:10     | Noticed a two-headed ogre
 13097 | D:10     | Killed a two-headed ogre
 13296 | D:10     | You fall through a shaft!
 14094 | D:10     | Found a portal to a secret trove of treasure.
 14151 | D:10     | Reached ***** piety under Trog
 14192 | D:10     | Found Huanirol's Antique Weapon Emporium.
 14196 | D:10     | Bought a dazzling quarterstaff for 306 gold pieces
 14197 | D:10     | Identified the +7 quarterstaff of Shrieking Terror {vamp, +Rage rElec MR++ Dex-2} (You bought it in a shop on level 10 of the Dungeon)
 14394 | D:10     | Reached XP level 12. HP: 79/79 MP: 14/14
 14562 | D:11     | Noticed a centaur warrior
 14576 | D:11     | Killed a centaur warrior
 14576 | D:11     | Reached skill level 10 in Dodging
 15019 | D:11     | Found a staircase to the Orcish Mines.
 15117 | D:11     | Received a gift from Trog
 15133 | D:11     | Got a pitted lajatang {god gift}
 15228 | D:11     | Noticed an unseen horror
 15246 | D:11     | Killed an unseen horror
 15302 | D:11     | Found Coykhef's Antique Weapon Shop.
 15897 | D:11     | Identified the +12 lajatang of the Endless March {protect, rElec} (Trog gifted it to you on level 11 of the Dungeon)
 15968 | Lair:1   | Entered Level 1 of the Lair of Beasts
 16075 | Lair:1   | Noticed a five-headed hydra
 16080 | Lair:1   | Killed a five-headed hydra
 16533 | Lair:1   | Noticed an eight-headed hydra
 16541 | Lair:1   | Killed an eight-headed hydra
 16699 | Lair:2   | Reached XP level 13. HP: 90/90 MP: 15/15
 16999 | Lair:2   | Found a staircase to the Snake Pit.
 18170 | Lair:3   | Noticed Harold
 18185 | Lair:3   | Killed Harold
 18391 | Lair:3   | Got an encrusted helmet
 18402 | Lair:3   | Identified the +2 helmet "Jonek" {rF+ MR++ Str+2} (You found it on level 3 of the Lair of Beasts)
 18556 | Lair:3   | Received a gift from Trog
 18574 | Lair:3   | Reached skill level 1 in Armour
 18737 | Lair:3   | Got a warped hand crossbow
 18970 | Lair:4   | Noticed a catoblepas
 18984 | Lair:4   | Killed a catoblepas
 19097 | Lair:4   | Noticed a seven-headed hydra
 19114 | Lair:4   | Killed a seven-headed hydra
 19433 | Lair:4   | Reached skill level 5 in Armour
 19453 | Lair:4   | Found a staircase to the Swamp.
 20260 | Lair:5   | Reached XP level 14. HP: 97/97 MP: 16/16
 20350 | Lair:5   | Noticed Urug
 20363 | Lair:5   | Killed Urug
 20969 | Lair:5   | Found a staircase to the Slime Pits.
 21106 | Lair:6   | Entered Level 6 of the Lair of Beasts
 21274 | Lair:6   | Noticed grindst0ne's ghost (journeyman FoFi)
 21316 | Lair:6   | Killed grindst0ne's ghost
 21477 | Lair:6   | Received a gift from Trog
 22447 | Lair:6   | Reached skill level 10 in Fighting
 22641 | Lair:6   | Got a blackened whip
 22926 | Lair:6   | Reached XP level 15. HP: 77/105 MP: 17/17
 23775 | Lair:5   | Identified a scroll of acquirement
 23776 | Lair:5   | Got a fine helmet
 23787 | Lair:5   | Identified the +0 helmet of Makhleb's Outrage {*Contam MP+9 Int+7 Dex+2} (You acquired it on level 5 of the Lair of Beasts)
 23796 | Lair:5   | Gained mutation: You are partially covered in rugged brown scales. (AC +1, +3% HP) [mutagenic glow]
 24250 | D:3      | Found a shimmering altar of Xom.
 24257 | D:3      | Found a stormy altar of Qazlal.
 24312 | D:3      | Found a bloodstained altar of Trog.
 24347 | D:3      | Found a shadowy altar of Dithmenos.
 24368 | D:3      | Killed maniacrov's ghost
 25289 | Orc:1    | Entered Level 1 of the Orcish Mines
 25367 | Orc:1    | Noticed Fannar
 25385 | Orc:1    | Killed Fannar
 25786 | Orc:2    | Entered Level 2 of the Orcish Mines
 25801 | Orc:2    | Found a staircase to the Elven Halls.
 26895 | Orc:2    | Found Hacs's Jewellery Boutique.
 26895 | Orc:2    | Found Jarrogimp's Assorted Antiques.
 26905 | Orc:2    | Found Ucor's Antique Armour Boutique.
 26905 | Orc:2    | Found Contofup's Jewellery Shoppe.
 27120 | Orc:2    | Bought a jewelled ring mail for 315 gold pieces
 27137 | Orc:2    | Identified the cursed +0 ring mail of the Game Afoot {rPois Str+4 Dex+2} (You bought it in a shop on level 2 of the Orcish Mines)
 27138 | Orc:2    | Bought a pair of runed gloves for 262 gold pieces
 27160 | Orc:2    | Bought a heavily runed scale mail for 315 gold pieces
 27170 | Orc:2    | Identified the cursed +0 scale mail of Unreason {Stlth+} (You bought it in a shop on level 2 of the Orcish Mines)
 27194 | Orc:2    | Bought a +4 ring of protection for 504 gold pieces
 27332 | D:13     | Found Hiysche's Weapon Shoppe.
 27377 | D:13     | Reached ****** piety under Trog
 27438 | D:13     | Received a gift from Trog
 27718 | D:13     | Reached skill level 15 in Dodging
 27884 | D:13     | Got a fine robe
 27895 | D:13     | Identified the cursed +0 robe of Polish {rElec MR+ Int-4 Slay+3} (You found it on level 13 of the Dungeon)
 28036 | D:14     | Found a labyrinth entrance.
 28045 | Lab      | Entered a labyrinth
 28422 | Lab      | Got a polished trident
 29041 | D:14     | Noticed Louise
 29060 | D:14     | Killed Louise
 29309 | D:14     | Received a gift from Trog
 29458 | D:14     | Reached XP level 16. HP: 57/117 MP: 18/18
 29703 | D:14     | Found a gate to the Vaults.
 30216 | D:15     | Entered Level 15 of the Dungeon
 30400 | D:15     | Received a gift from Trog
 30710 | D:15     | Found a sacrificial altar of Ru.
 31099 | D:15     | Found a staircase to the Depths.
 31734 | Snake:1  | Entered Level 1 of the Snake Pit
 31749 | Snake:1  | Received a gift from Trog
 32537 | Snake:1  | Found a basalt altar of Yredelemnul.
 33124 | Snake:1  | Reached skill level 15 in Fighting
 33124 | Snake:1  | Reached XP level 17. HP: 95/130 MP: 19/19
 33139 | Snake:1  | Received a gift from Trog
 34206 | Snake:2  | Found Irarem's Assorted Antiques.
 34223 | Snake:2  | Found Puewigog's Antique Armour Boutique.
 34287 | Snake:2  | Found Dyr Imy's Weapon Shoppe.
 34357 | Snake:2  | Found Xifekk's Book Emporium.
 34364 | Snake:2  | Noticed Aizul
 34379 | Snake:2  | Killed Aizul
 35896 | Snake:3  | Found Zaebaref's Weapon Shop.
 37164 | Snake:4  | Entered Level 4 of the Snake Pit
 37206 | Snake:4  | Reached XP level 18. HP: 132/138 MP: 20/20
 37523 | Snake:4  | Received a gift from Trog
 37810 | Snake:4  | Found a basalt altar of Yredelemnul.
 39274 | Snake:4  | Received a gift from Trog
 39359 | Snake:4  | Noticed Vashnia
 40044 | Snake:4  | Killed Vashnia
 40442 | Snake:4  | Received a gift from Trog
 40669 | Snake:4  | Reached XP level 19. HP: 77/144 MP: 2/21
 41636 | Snake:4  | Got a serpentine rune of Zot
 41837 | Swamp:1  | Entered Level 1 of the Swamp
 42023 | Swamp:1  | Received a gift from Trog
 42881 | Swamp:2  | Reached XP level 20. HP: 155/155 MP: 22/22
 43954 | Swamp:3  | Received a gift from Trog
 44883 | Swamp:4  | Entered Level 4 of the Swamp
 45858 | Swamp:4  | Received a gift from Trog
 46082 | Swamp:4  | Reached XP level 21. HP: 94/163 MP: 23/23
 46466 | Swamp:4  | Reached skill level 10 in Armour
 46494 | Swamp:4  | Got a decaying rune of Zot
 47418 | Vaults:1 | Entered Level 1 of the Vaults
 47483 | Vaults:1 | Received a gift from Trog
 48445 | Vaults:1 | Found Niasmyr's Magic Scroll Shoppe.
 48842 | Vaults:1 | Received a gift from Trog
 49110 | Vaults:1 | Received a gift from Trog
 49380 | Vaults:1 | Got a transparent plate armour
 49391 | Vaults:1 | Identified the +1 plate armour of the Eagle {*Corrode rF- rC+++ Stlth+} (You took it off an orc knight on level 1 of the Vaults)
 49696 | Vaults:1 | Got an ancient scimitar
 50147 | Vaults:1 | Received a gift from Trog
 50476 | Vaults:2 | Noticed Saint Roka
 50509 | Vaults:2 | Reached XP level 22. HP: 166/169 MP: 24/24
 50551 | Vaults:2 | Killed Saint Roka
 51409 | Vaults:2 | Received a gift from Trog
 51688 | Vaults:2 | Noticed Mennas
 51720 | Vaults:2 | Killed Mennas
 52285 | Vaults:2 | Found a staircase to the Crypt.
 52414 | Vaults:2 | Received a gift from Trog
 53812 | Vaults:3 | Noticed Sojobo
 53832 | Vaults:3 | Killed Sojobo
 53987 | Vaults:3 | Reached XP level 23. HP: 79/179 MP: 25/25
 53997 | Vaults:3 | Received a gift from Trog
 55122 | Vaults:4 | Found Bunn's Antique Armour Emporium.
 55141 | Vaults:4 | Bought a pair of glowing boots for 127 gold pieces
 55299 | Vaults:4 | Received a gift from Trog
 56143 | Vaults:4 | Received a gift from Trog
 57066 | Elf:1    | Entered Level 1 of the Elven Halls
 57130 | Elf:1    | Received a gift from Trog
 57492 | Elf:1    | Noticed Kirke
 57505 | Elf:1    | Killed Kirke
 57766 | Elf:1    | Got a heavily runed leather armour
 57777 | Elf:1    | Identified the +2 leather armour "Eckiopt" {rC+ Dex+5} (You found it on level 1 of the Elven Halls)
 58216 | Elf:2    | Found a flickering gateway to a bazaar.
 58261 | Bazaar   | Entered a bazaar
 58266 | Bazaar   | Found Zuomyclo's Armour Boutique.
 58267 | Bazaar   | Found Nocless's Armour Shop.
 58292 | Bazaar   | Found Ruixziru's Distillery.
 58292 | Bazaar   | Found Uloadghy's Gadget Shoppe.
 58314 | Bazaar   | Found Dabotooz's Assorted Antiques.
 58354 | Bazaar   | Found Waeph's Assorted Antiques.
 58389 | Bazaar   | Bought a +0 cloak of poison resistance for 59 gold pieces
 58424 | Bazaar   | Bought 3 scrolls of enchant armour for 562 gold pieces
 58442 | Bazaar   | Bought a scroll of acquirement for 936 gold pieces
 58446 | Bazaar   | Bought 2 potions of heal wounds for 180 gold pieces
 58477 | Bazaar   | Bought a +1 pair of boots of running for 511 gold pieces
 58537 | Elf:2    | Received a gift from Trog
 58551 | Elf:2    | Reached XP level 24. HP: 183/188 MP: 25/25
 58622 | Elf:2    | Found a deep blue altar of Sif Muna.
 59098 | Elf:2    | Found a runed gate.
 59098 | Elf:2    | Found a runed gate.
 59098 | Elf:2    | Found a runed gate.
 59149 | Elf:3    | Entered Level 3 of the Elven Halls
 59474 | Elf:3    | Received a gift from Trog
 60037 | Elf:3    | Received a gift from Trog
 60049 | Elf:3    | Got a transparent rapier {god gift}
 60784 | Elf:2    | Got a pitted scale mail
 60795 | Elf:2    | Identified the +6 scale mail of Fiteis {rPois rN+ rCorr Int+2} (You took it off a deep elf master archer on level 2 of the Elven Halls)
 60837 | Elf:3    | Cast into level 4 of the Abyss (reaper)
 60919 | Abyss:4  | Found an ancient bone altar of Kikubaaqudgha.
 60943 | Abyss:4  | Paralysed by accursed screaming for 1 turns
 60955 | Abyss:4  | Paralysed by accursed screaming for 1 turns
 61049 | Abyss:4  | Found a corrupted altar of Lugonu.
 61180 | Elf:3    | Escaped the Abyss
 61605 | Elf:3    | HP: 7/190 [???[a deep elf demonologist] (5)]
 62629 | Elf:3    | Got a polished plate armour
 62642 | Elf:3    | Identified the +1 plate armour of Dithmenos's Pride {*Slow rN+ Str+3} (You took it off a deep elf high priest on level 3 of the Elven Halls)
 62700 | Elf:3    | Got a blackened plate armour
 62713 | Elf:3    | Identified the +1 plate armour "Hebrol" {Int+3 Dex+4} (You found it on level 3 of the Elven Halls)
 62734 | Elf:3    | Got an ancient quarterstaff
 62737 | Elf:3    | Identified the +9 quarterstaff of Defiance {crush, rN+} (You found it on level 3 of the Elven Halls)
 62761 | Elf:3    | Got a scorched steel ring
 62764 | Elf:3    | Identified the ring "Suag" {rF+ MR- MP+9 Dex+2} (You found it on level 3 of the Elven Halls)
 62803 | Elf:3    | Got a slimy jade ring
 62807 | Elf:3    | Identified the ring "Poilow" {rPois rF+ Str+3} (You found it on level 3 of the Elven Halls)
 62808 | Elf:3    | Identified the Collected Works on the Mountains and Dark Magic
 62827 | Elf:3    | Got a scorched war axe
 62943 | Elf:3    | Got an ancient robe
 62963 | Elf:3    | Identified the +1 robe "Febisaet" {rN++ rCorr} (You found it on level 3 of the Elven Halls)
 62994 | Elf:3    | Got a crude scimitar
 63596 | Crypt:1  | Entered Level 1 of the Crypt
 64083 | Crypt:1  | Received a gift from Trog
 64803 | Crypt:1  | Reached XP level 25. HP: 180/199 MP: 25/25
 65513 | Crypt:2  | Received a gift from Trog
 66316 | Crypt:2  | Found a shimmering altar of Xom.
 66947 | Crypt:2  | Received a gift from Trog
 66977 | Crypt:2  | Got a dazzling lajatang {god gift}
 66978 | Crypt:2  | Identified the +5 lajatang "Qirchiwu" {flame, Fragile rC+ Str+3} (Trog gifted it to you on level 2 of the Crypt)
 67046 | Crypt:3  | Entered Level 3 of the Crypt
 67863 | Crypt:3  | Found a staircase to the Tomb.
 68060 | Crypt:3  | Got a pitted shield
 68228 | Crypt:3  | Found an ancient bone altar of Kikubaaqudgha.
 68348 | Crypt:3  | Received a gift from Trog
 68771 | Crypt:3  | Noticed an ancient lich
 68799 | Crypt:3  | Killed an ancient lich
 68954 | Crypt:3  | Got a pair of crude boots
 68989 | Crypt:3  | Identified the +2 pair of boots of the Final Allies {Dex+3} (You found it on level 3 of the Crypt)
 69333 | Crypt:3  | Reached XP level 26. HP: 177/211 MP: 25/25
 70410 | Crypt:3  | Identified the cursed +0 shield of Cuoriat {rF- rC+ rN+} (You found it on level 3 of the Crypt)
 70879 | Orc:2    | Bought a shimmering plate armour for 980 gold pieces
 70896 | Orc:2    | Identified the +10 plate armour of the Well-Known Songs {Str+5} (You bought it in a shop on level 2 of the Orcish Mines)
 71159 | Snake:2  | Bought a polished plate armour for 896 gold pieces
 71169 | Snake:2  | Identified the +7 plate armour of Naqu {Int+2} (You bought it in a shop on level 2 of the Snake Pit)
 71455 | Depths:1 | Entered Level 1 of the Depths
 71538 | Depths:1 | Found Befoz's Jewellery Emporium.
 72004 | Depths:1 | Received a gift from Trog
 72025 | Depths:1 | Got a twisted shortbow {god gift}
 72071 | Depths:1 | Found a gateway to Hell.
 72417 | D:10     | You paid a toll of +3 fire dragon scales to enter a treasure trove
 72418 | Trove    | Entered a treasure trove
 72423 | Trove    | Got a glittering amber ring
 72426 | Trove    | Got a bound bronze ring
 72438 | Trove    | Got a crude lead ring
 72442 | Trove    | Got a flickering lapis lazuli ring
 72446 | Trove    | Got a clouded glass ring
 72448 | Trove    | Got a steaming ivory amulet
 72458 | Trove    | Identified the ring "Zousaej" {rPois rF+ rC+++ Str-4 Dex-4} (You found it in a treasure trove)
 72461 | Trove    | Identified the ring "Sunuxt" {+Fly rC+ rN++ SInv} (You found it in a treasure trove)
 72463 | Trove    | Identified the ring "Wafut" {Str+4 Slay+1} (You found it in a treasure trove)
 72465 | Trove    | Identified the ring "Jonudwal" {rElec Str+2 Dex+7 Slay+4} (You found it in a treasure trove)
 72467 | Trove    | Identified the ring "Daxaorha" {rElec rF+ rN+ Str+2 Slay+6} (You found it in a treasure trove)
 72468 | Trove    | Identified the amulet of Leggi {Faith MR+} (You found it in a treasure trove)
 72483 | Trove    | Got a transparent copper amulet
 72485 | Trove    | Got an ancient garnet amulet
 72487 | Trove    | Got a glittering silver amulet
 72489 | Trove    | Identified the amulet "Nuinn" {+Fly rC- rN++ Regen+} (You found it in a treasure trove)
 72490 | Trove    | Identified the amulet "Kafyeh" {rN+ Regen+ Str+4} (You found it in a treasure trove)
 72491 | Trove    | Identified the amulet "Raizodd" {Gourm rF++ Str+5} (You found it in a treasure trove)
 73828 | Depths:2 | Received a gift from Trog
 74008 | Depths:2 | Got a brightly glowing tin ring
 74010 | Depths:2 | Identified the ring of Ifofy {rCorr rElec Dex+5} (You took it off a vampire knight on level 2 of the Depths)
 74107 | Depths:2 | Got an iridescent hunting sling
 74755 | Depths:3 | Received a gift from Trog
 74871 | Depths:3 | Reached skill level 15 in Armour
 74895 | Depths:3 | Reached XP level 27. HP: 70/220 MP: 25/25
 75219 | Depths:3 | Found a shattered altar of Ashenzari.
 75220 | Depths:3 | Found a basalt altar of Yredelemnul.
 75220 | Depths:3 | Found a one-way gate leading to the halls of Pandemonium.
 75220 | Depths:3 | Found a basalt altar of Yredelemnul.
 75222 | Depths:3 | Found a one-way gate to the infinite horrors of the Abyss.
 75557 | Depths:3 | Received a gift from Trog
 76068 | Depths:3 | Gained mutation: You are frail. (-10% HP) [a shining eye]
 76123 | Depths:3 | Received a gift from Trog
 76175 | Depths:3 | Lost mutation: You are partially covered in rugged brown scales. (AC +1, +3% HP) [potion of mutation]
 76175 | Depths:3 | Lost mutation: You are frail. (-10% HP) [potion of mutation]
 76175 | Depths:3 | Gained mutation: You are robust. (+10% HP) [potion of mutation]
 76444 | Depths:3 | Got an ivory scimitar {slice}
 76444 | Depths:3 | Got a polished flail {venom}
 76512 | Depths:3 | Got an ancient arbalest
 77090 | Depths:1 | Bought the macabre finger necklace {rN+} for 960 gold pieces
 77342 | Depths:4 | Noticed a juggernaut
 77354 | Depths:4 | Killed a juggernaut
 77584 | Depths:4 | Received a gift from Trog
 77861 | Depths:4 | Received a gift from Trog
 77920 | Depths:4 | Noticed a juggernaut
 77938 | Depths:4 | Killed a juggernaut
 78605 | Depths:4 | Noticed a juggernaut
 78620 | Depths:4 | Killed a juggernaut
 79135 | Depths:4 | Noticed a juggernaut
 79142 | Depths:4 | Killed a juggernaut
 79421 | Depths:4 | Found a gateway to a ziggurat.
 79758 | Depths:4 | Received a gift from Trog
 79965 | Depths:4 | Got an uncursed ichor-stained hand axe {venom}
 80229 | Depths:4 | Received a gift from Trog
 80428 | Depths:5 | Entered Level 5 of the Depths
 80489 | Depths:5 | Noticed Boris
 80498 | Depths:5 | Killed Boris
 80653 | Depths:5 | Noticed Xtahua
 80664 | Depths:5 | Killed Xtahua
 81041 | Depths:5 | Noticed a juggernaut
 81052 | Depths:5 | Killed a juggernaut
 81054 | Depths:5 | Noticed Frederick
 81125 | Depths:5 | Killed Frederick
 81480 | Depths:5 | Found a gate to the Realm of Zot.
 81948 | Vaults:5 | Entered Level 5 of the Vaults
 82354 | Vaults:5 | Received a gift from Trog
 83199 | Vaults:5 | Received a gift from Trog
 83685 | Vaults:5 | Got a slimy lead ring
 83739 | Vaults:5 | Identified the ring of Recklessness {rCorr *Slow MR+ Dex+7} (You took it off a tengu reaver on level 5 of the Vaults)
 83750 | Vaults:5 | Identified Kerhucott's Handbook of Aerial Ignition
 84193 | Vaults:5 | Reached skill level 27 in Armour
 84226 | Vaults:5 | Got a silver rune of Zot
 84565 | Orc:2    | Bought a potion of haste for 290 gold pieces
 84565 | Orc:2    | Bought a scroll of teleportation for 87 gold pieces
 84958 | Zot:1    | Entered Level 1 of the Realm of Zot
 84983 | Zot:1    | Reached skill level 27 in Dodging
 85001 | Zot:1    | Received a gift from Trog
 85125 | Zot:2    | Found a huge runed gate.
 85125 | Zot:2    | Found a huge runed gate.
 85125 | Zot:2    | Found a huge runed gate.
 85126 | Zot:2    | Found a huge runed gate.
 85126 | Zot:2    | Found a huge runed gate.
 85126 | Zot:2    | Found a huge runed gate.
 85127 | Zot:2    | Found a huge runed gate.
 85127 | Zot:2    | Found a huge runed gate.
 85128 | Zot:2    | Found a huge runed gate.
 85128 | Zot:2    | Found a huge runed gate.
 85129 | Zot:2    | Found a huge runed gate.
 85129 | Zot:2    | Found a huge runed gate.
 85135 | Zot:2    | Noticed an ancient lich
 85957 | Zot:4    | Reached skill level 15 in Staves
 86355 | Zot:5    | Entered Level 5 of the Realm of Zot
 86595 | Zot:5    | Received a gift from Trog
 86730 | Zot:5    | Noticed an ancient lich
 86745 | Zot:5    | Killed an ancient lich
 86794 | Zot:5    | Noticed an ancient lich
 86803 | Zot:5    | Killed from afar by an ancient lich

Skill      XL: |  1  2  3  4  5  6  7  8  9 10 11 12 13 14 15 16 17 18 19 20 21 22 23 24 25 26 27 |
---------------+----------------------------------------------------------------------------------+-----
Fighting       | 1 2 3 6 9 10 12 15 17 18 19 20 21 23 24 25 | 25.0
Dodging        | 3 4 6 8 9 10 11 14 16 19 21 23 24 25 26 27 | 27.0
Staves         | 1 3 5 7 9 10 12 14 15 | 15.9
Armour         | 7 9 10 15 27 | 27.0
Stealth        | |  2.1
Spellcasting   | |  1.5
Conjurations   | |  0.7
Air Magic      | |  3.0

Action                   |  1- 3 |  4- 6 |  7- 9 | 10-12 | 13-15 | 16-18 | 19-21 | 22-24 | 25-27 || total
-------------------------+-------+-------+-------+-------+-------+-------+-------+-------+-------++-------
Melee: Unarmed           |    14 |       |       |       |       |       |       |       |       ||    14
       Dagger            |    82 |       |       |       |       |       |       |       |       ||    82
       Quarterstaff      |       |    85 |   326 |   951 |       |     6 |    77 |       |       ||  1445
       Lajatang          |       |       |       |    40 |  1102 |  1349 |  1314 |  2042 |  3940 ||  9787
 Fire: Blowgun           |       |       |       |       |       |       |       |     1 |       ||     1
 Cast: Shock             |    17 |       |       |       |       |       |       |       |       ||    17
Invok: Berserk           |       |     2 |     5 |    14 |     7 |     4 |     1 |     5 |     4 ||    42
       Burn Spellbooks   |       |     1 |     2 |     1 |     3 |       |       |     2 |     7 ||    16
       Trog's Hand       |       |       |       |     1 |     6 |     2 |     3 |    11 |    16 ||    39
       Brothers in Arms  |       |       |       |     2 |     8 |     4 |     7 |    13 |    15 ||    49
Evoke: Wand              |       |       |       |     1 |     8 |     1 |       |     2 |     6 ||    18
  Use: Potion            |     2 |       |       |     1 |       |       |     1 |     1 |     7 ||    12
       Scroll            |       |     8 |     4 |     7 |    16 |     4 |     3 |    14 |    27 ||    83
 Stab: Sleeping          |     5 |     5 |     5 |     8 |     6 |     5 |     1 |    16 |     2 ||    53
       Confused          |       |       |     5 |     3 |       |       |     1 |       |       ||     9
       Paralysed         |       |       |     4 |     4 |       |       |       |       |       ||     8
       Petrifying        |       |       |     3 |       |       |       |       |       |       ||     3
       Petrified         |       |       |     2 |       |       |       |       |       |       ||     2
       Distracted        |       |       |       |     4 |     1 |     7 |     5 |     7 |    12 ||    36
  Eat: Chunk             |     4 |     6 |     9 |    40 |    38 |    17 |    31 |    43 |    47 ||   235
       Bread ration      |       |       |     2 |     2 |     2 |       |       |     1 |     6 ||    13
       Royal jelly       |       |       |       |     1 |     2 |     1 |     1 |     1 |     1 ||     7
       Fruit             |       |       |       |       |     1 |     5 |       |       |       ||     6
       Meat ration       |       |       |       |       |       |     4 |     1 |     3 |     3 ||    11
Armor: Robe              |     9 |    19 |    37 |   113 |    27 |       |       |       |       ||   205
       Ring mail         |       |       |       |       |   211 |   258 |   303 |   167 |       ||   939
       Leather armour    |       |       |       |       |       |       |       |   135 |   163 ||   298
       Plate armour      |       |       |       |       |       |       |       |       |  1031 ||  1031
Dodge: Dodged            |    65 |    75 |   196 |   660 |   997 |  1416 |  1716 |  2043 |  4957 || 12125
